 Dungeon Crawl Stone Soup version 0.30-a0-1160-g6e42c06551 (webtiles) character file.

Game seed: 15616378838261963663

7832 cheesebisquit the Grappler (level 11, 0/107 HPs)
             Began as a Troll Fighter on Apr 25, 2023.
             Was a Priest of Makhleb.
             Slain by an unseen horror (4 damage)
             ... on level 10 of the Dungeon.
             The game lasted 00:30:54 (9764 turns).

cheesebisquit the Grappler (Troll Fighter)          Turns: 9764, Time: 00:30:55

Health: 0/107      AC:  6    Str: 34    XL:     11   Next: 1%
Magic:  10/10      EV: 10    Int:  3    God:    Makhleb [***...]
Gold:   664        SH: 10    Dex:  8    Spells: 8/10 levels left

rFire   . .          .
                       - Unarmed
rCold   + . .        b - +1 kite shield
rNeg    . . .        a - +2 robe
rPois   .            (helmet restricted)
rElec   .            p - scarf {repulsion}
rCorr   .            (gloves unavailable)
SInv    .            (boots unavailable)
Will    +....        (no amulet)
Stlth   +            B - ring of protection from cold
HPRegen 1.17/turn    A - ring of willpower
MPRegen 0.12/turn

%: repel missiles, clarity
@: studying Dodging
A: large, unfitting armour, claws 3, regeneration 1, shaggy fur 1, tough skin 1,
hooves 1, clarity, strong 1, wild magic 1
a: Renounce Religion, Minor Destruction, Lesser Servant of Makhleb


You were on level 10 of the Dungeon.
You worshipped Makhleb.
Makhleb was most pleased with you.
You visited 2 branches of the dungeon, and saw 11 of its levels.
You also visited: Sewer and Bailey.

You collected 724 gold pieces.
You spent 60 gold pieces at shops.

Inventory:

Hand Weapons
 o - a +3 giant spiked club
 O - a +3 morningstar
Missiles
 i - 72 stones (quivered)
 n - 23 poisoned darts
 z - a throwing net
 P - 2 boomerangs
Armour
 a - a +2 robe (worn)
 b - a +1 kite shield (worn)
 p - a scarf of repulsion (worn)
Jewellery
 g - a ring of wizardry
 r - an amulet of magic regeneration
 A - a ring of willpower (right claw)
 B - a ring of protection from cold (left claw)
 J - a +4 ring of slaying
Wands
 c - a wand of iceblast (7)
 j - a wand of charming (4)
 M - a wand of quicksilver (2)
Scrolls
 d - a scroll of magic mapping
 f - 4 scrolls of fear
 l - 6 scrolls of teleportation
 q - a scroll of silence
 w - 2 scrolls of fog
 x - 2 scrolls of blinking
 C - a scroll of poison
 E - 3 scrolls of vulnerability
 N - 2 scrolls of amnesia
Potions
 e - 2 potions of brilliance
 h - 2 potions of degeneration
 k - a potion of invisibility
 m - 3 potions of attraction
 s - 3 potions of berserk rage
 t - 6 potions of haste
 v - 2 potions of cancellation
 D - 2 potions of mutation
 F - 2 potions of resistance
 G - 2 potions of magic
 H - a potion of flight
 K - a potion of lignification
 L - a potion of might


   Skills:
 + Level 6.7 Fighting
 + Level 7.0 Dodging
 + Level 7.4 Shields
 * Level 10.7 Unarmed Combat
 + Level 2.3 Transmutations


You had 8 spell levels left.
You knew the following spells:

 Your Spells              Type           Power      Damage    Failure   Level
a - Wereblood             Tmut           1%         N/A       58%         2

Your spell library contained the following spells:

 Spells                   Type           Power      Damage    Failure   Level
 Magic Dart               Conj           0%         1d3       77%         1
 Cigotuvi's Dreadful Rot  Necr/Pois/Air  0%         N/A       88%         2
 Searing Ray              Conj           0%         2d4       88%         2
 Sublimation of Blood     Necr           0%         N/A       88%         2
 Ignite Poison            Fire/Tmut/Pois 0%         N/A       95%         3
 Call Canine Familiar     Summ           0%         N/A       98%         3
 Portal Projectile        Hex/Tloc       0%         N/A       98%         3
 Stone Arrow              Conj/Erth      0%         3d7       98%         3
 Animate Armour           Summ/Erth      0%         N/A       100%        4
 Dispel Undead            Necr           0%         3d6       100%        4
 Fulminant Prism          Conj/Hex       0%         3d5       100%        4
 Leda's Liquefaction      Hex/Erth       0%         N/A       100%        4
 Sticky Flame             Conj/Fire      0%         2d3       100%        4
 Death Channel            Necr           0%         N/A       100%        6
 Summon Hydra             Summ           0%         N/A       100%        7
 Ignition                 Fire           0%         3d3       100%        8
 Lehudib's Crystal Spear  Conj/Erth      0%         10d2      100%        8


Dungeon Overview and Level Annotations

Branches:
Dungeon (10/15)            Temple (1/1) D:5           Sewer (visited)
 Bailey (visited)
   Lair: D:8-11         Orc: D:9-12

Altars:
Ashenzari
Cheibriados
Dithmenos
Elyvilon
Fedhas
Gozag
Hepliaklqana
Kikubaaqudgha
Makhleb
Nemelex Xobeh
Okawaru
Qazlal
Ru
Sif Muna
Trog
Uskayaw
Vehumet
Wu Jian
Xom
Yredelemnul
Zin

Shops:
D:3 *

Annotations:
D:9 exclusion: obsidian statue


Innate Abilities, Weirdness & Mutations

You are too large for most types of armour.
You have claws for hands.
Your natural rate of healing is unusually fast.
You are covered in fur. (AC +1)
You have tough skin. (AC +1)
You have large cloven feet.
You possess an exceptional clarity of mind.
Your muscles are strong. (Str +4, Int/Dex -1)
Your spells are a little harder to cast, but a little more powerful.


Message History

You have reached level 11!
Things that are here:
a +0 giant spiked club; a +0 giant spiked club; a two-headed ogre corpse Something hits you.
Something hits you. Something hits you.
Things that are here:
a +0 giant spiked club; a +0 giant spiked club; a two-headed ogre corpse You miss something.
Your kick misses something. Something hits you.
You scratch something. Something hits you.
Something hits you but does no damage.
You closely miss something. Your kick misses something.
Something completely misses you. Something completely misses you.
Something hits you. x2
Things that are here:
a +0 giant spiked club; a +0 giant spiked club; a two-headed ogre corpse Something hits you.
You closely miss something. You kick something. Something hits you!
You see here 9 stones.
You barely miss something. Your kick misses something. Something hits you!
You block something's attack.
Things that are here:
a +0 giant spiked club; a +0 giant spiked club; a two-headed ogre corpse You mangle something!!
Something hits you. x2
* * * LOW HITPOINT WARNING * * *
You barely miss something. Your kick misses something.
You block something's attack. Something hits you!
* * * LOW HITPOINT WARNING * * *
You barely miss something. Your kick misses something. Something hits you.
* * * LOW HITPOINT WARNING * * *
Something hits you!
* * * LOW HITPOINT WARNING * * *
You miss something. Something hits you but does no damage.
You miss something. You kick something. Something hits you!
* * * LOW HITPOINT WARNING * * *
Something hits you.
* * * LOW HITPOINT WARNING * * *
Something hits you.
You die...

..........##
#.........
..........
##.........
###.........
...........
#?....>...
#(.......
#@#.#.###
##..####)#.#.#
.........#.#.####
........#.......#
.#..###.#.####..#
#. #.#.###...##
#...##.....#
....###....#
###.####...#


There were no monsters in sight!

Vanquished Creatures
  A two-headed ogre (D:10)
  An orc knight (Bailey)
  A deep elf pyromancer (Bailey)
  2 trolls
  A hornet (D:8)
  A queen bee (D:8)
  Grinder (Sewer)
  2 shadows (D:10)
  A wraith (D:9)
  A wyvern (D:10)
  A steam dragon (D:7)
  An acid dragon (D:8)
  4 water moccasins
  An ice beast (D:8)
  6 orc warriors
  2 black bears
  A sky beast (D:8)
  3 ogres
  3 centaurs
  4 phantoms
  3 kobold brigands
  3 bullfrogs
  A gnoll sergeant (D:9)
  4 scorpions (D:5)
  2 wights (Sewer)
  12 killer bees (D:8)
  A gnoll bouda (D:6)
  3 jellies
  6 orc priests
  2 hounds (D:5)
  A sleepcap (D:7)
  Natasha (thrice) (D:2)
  Terence (D:2)
  4 iguanas
  2 orc wizards
  10 gnolls
  9 adders
  6 shadow imps
  6 ufetubi
  A worm (D:3)
  2 dart slugs
  35 orcs
  12 ball pythons
  A bat zombie (Sewer)
  5 endoplasms
  2 giant cockroaches
  18 goblins
  8 hobgoblins
  11 quokkas
  6 bats
  6 frilled lizards
  28 kobolds
  A kobold zombie (Sewer)
  6 rats
259 creatures vanquished.

Vanquished Creatures (others)
  17 plants
17 creatures vanquished.

Grand Total: 276 creatures vanquished

Notes
Turn   | Place    | Note
-------+----------+-------------------------------------------
     0 | D:1      | cheesebisquit the Troll Fighter began the quest for the
                  | Orb.
     0 | D:1      | Reached XP level 1. HP: 22/22 MP: 0/0
   129 | D:1      | Reached XP level 2. HP: 29/29 MP: 1/1
   791 | D:2      | Found a shimmering altar of Xom.
   804 | D:2      | Became a worshipper of Xom of Chaos
   841 | D:2      | Noticed Terence
   844 | D:2      | XOM: potion effect (brilliance)
   856 | D:2      | Killed Terence
   857 | D:2      | Reached XP level 3. HP: 21/36 MP: 2/2
   889 | D:2      | Reached skill level 3 in Unarmed Combat
  1044 | D:2      | XOM: silly message
  1046 | D:2      | Reached XP level 4. HP: 39/44 MP: 3/3
  1219 | D:2      | Noticed Natasha
  1226 | D:2      | Killed Natasha
  1271 | D:2      | XOM: silly message
  1312 | D:2      | You fall into a shaft and drop 1 floor!
  1362 | D:3      | Noticed an ogre
  1366 | D:3      | XOM: silly message
  1378 | D:3      | Killed an ogre
  1379 | D:3      | Reached XP level 5. HP: 35/53 MP: 4/4
  1383 | D:3      | Reached skill level 4 in Unarmed Combat
  1592 | D:3      | XOM: 6-stop teleportation journey
  2011 | D:2      | Noticed Natasha
  2014 | D:2      | XOM: confuse monster(s)
  2018 | D:2      | Killed Natasha
  2240 | D:2      | Found a shimmering altar of Xom.
  2349 | D:2      | Noticed Natasha
  2360 | D:2      | Killed Natasha
  2361 | D:2      | Reached XP level 6. HP: 45/61 MP: 5/5
  2591 | D:2      | XOM: silly message
  2784 | D:3      | XOM is BORED!
  2784 | D:3      | XOM: noise
  2823 | D:3      | Found Temiq's General Store.
  2841 | D:3      | Bought a scroll of identify for 20 gold pieces
  2841 | D:3      | Bought a scroll of identify for 20 gold pieces
  2841 | D:3      | Bought a scroll of identify for 20 gold pieces
  2890 | D:2      | XOM: god gift: scroll labelled HEIMPOF GOLIDD {god gift}
  2982 | D:3      | Found a faded altar of an unknown god.
  3354 | D:4      | XOM: stealth player
  3362 | D:4      | XOM: chaos upgrade
  3467 | D:4      | XOM: enchant monster (bad)
  3574 | D:4      | Reached skill level 5 in Unarmed Combat
  3574 | D:4      | Reached XP level 7. HP: 45/68 MP: 6/6
  3618 | D:4      | Found a glowing drain.
  3622 | Sewer    | Entered a sewer
  3746 | Sewer    | Found an ancient bone altar of Kikubaaqudgha.
  3749 | Sewer    | XOM: enchant monster (bad)
  3819 | Sewer    | XOM: give mutation
  3819 | Sewer    | Gained mutation: Your spells are a little harder to cast,
                  | but a little more powerful. [Xom's mischief]
  3834 | Sewer    | Noticed Grinder
  3838 | Sewer    | Paralysed by Grinder for 2 turns
  3848 | Sewer    | Killed Grinder
  3849 | Sewer    | Reached skill level 6 in Unarmed Combat
  3881 | Sewer    | Reached XP level 8. HP: 61/78 MP: 7/7
  3980 | Sewer    | XOM: silly message
  4302 | D:5      | Entered Level 5 of the Dungeon
  4317 | D:5      | Reached skill level 5 in Shields
  4761 | D:5      | Reached skill level 7 in Unarmed Combat
  4767 | D:5      | XOM: divination: magic mapping
  4888 | D:5      | Found a staircase to the Ecumenical Temple.
  4918 | Temple   | Entered the Ecumenical Temple
  4966 | Temple   | Fell from the grace of Xom
  4966 | Temple   | Became a worshipper of Makhleb the Destroyer
  5349 | D:6      | Reached skill level 5 in Dodging
  5350 | D:6      | Reached XP level 9. HP: 87/87 MP: 8/8
  5370 | D:6      | XOM: summons 2 hostile demons
  5413 | D:6      | Reached skill level 5 in Fighting
  5446 | D:6      | XOM: give mutations
  5446 | D:6      | Gained mutation: You have large cloven feet. [Xom's
                  | mischief]
  5446 | D:6      | Gained mutation: You possess an exceptional clarity of
                  | mind. [Xom's mischief]
  5729 | D:6      | Reached * piety under Makhleb
  5747 | D:6      | XOM: noise
  5860 | D:6      | Reached skill level 8 in Unarmed Combat
  5861 | D:6      | XOM: give mutation
  5861 | D:6      | Gained mutation: Your muscles are strong. (Str +4, Int/Dex
                  | -1) [Xom's mischief]
  6295 | D:7      | XOM: summons 2 hostile shadow creatures
  7184 | D:8      | XOM: noise
  7266 | D:8      | XOM: summons 10 hostile demons
  7392 | D:8      | Found a flagged portal.
  7403 | Bailey   | Entered a bailey
  7453 | Bailey   | Reached skill level 9 in Unarmed Combat
  7481 | Bailey   | Found a large runed translucent door.
  7481 | Bailey   | Found a large runed translucent door.
  7482 | Bailey   | Noticed a deep elf pyromancer
  7483 | Bailey   | Noticed an orc knight
  7503 | Bailey   | Killed an orc knight
  7503 | Bailey   | Reached ** piety under Makhleb
  7504 | Bailey   | Reached XP level 10. HP: 51/98 MP: 9/9
  7628 | Bailey   | Killed a deep elf pyromancer
  7654 | Bailey   | Learned a level 2 spell: Wereblood
  7873 | D:8      | Reached skill level 1 in Transmutations
  7938 | D:8      | Found a sacrificial altar of Ru.
  7944 | D:8      | Found a glowing silver altar of Zin.
  7944 | D:8      | Found an ancient bone altar of Kikubaaqudgha.
  7944 | D:8      | Found a shimmering blue altar of Sif Muna.
  7947 | D:8      | Found a bloodstained altar of Trog.
  7948 | D:8      | Found a basalt altar of Yredelemnul.
  8035 | D:8      | Reached skill level 10 in Unarmed Combat
  8656 | D:9      | HP: 4/100 [orc warrior/+0 dire flail (15)]
  8880 | D:9      | Found the +3 pair of mountain boots {steadfast, rC+}
  8882 | D:9      | Noticed an obsidian statue
  8924 | D:9      | Reached *** piety under Makhleb
  9096 | D:9      | Identified a scroll of acquirement
  9097 | D:9      | Acquired a manual of Dodging
  9464 | D:10     | Entered Level 10 of the Dungeon
  9734 | D:10     | Noticed a two-headed ogre
  9743 | D:10     | Killed a two-headed ogre
  9744 | D:10     | Reached XP level 11. HP: 59/107 MP: 10/10
  9764 | D:10     | HP: 4/107 [something (5)]
  9764 | D:10     | Slain by an unseen horror

Illustrated notes

Levels and vault maps discovered:
D:1:      dpeg_arrival_arbitrary_b, layout_basic
D:2:      layout_basic, basic_altar, minmay_shallow_snake_nest, uniq_natasha,
          uniq_terence
D:3:      wad_river_or_something, layout_loops_ring, serial_shops, shop_statue,
          hellmonk_ecumenical_altar_heavens_door
D:4:      kennysheep_the_goblin_king, layout_basic, gup_sewer_entry_bowl
D:5:      layout_basic, temple_doors_ab, eino_tiny_chamber, st_stairs_2
D:6:      layout_basic
D:7:      layout_basic
D:8:      layout_basic, minitemple, lightli_bailey_entry_fortress,
          nicolae_looking_at_the_future
D:9:      layout_long_grid, minmay_protected_statue
D:10:     layout_loops_ring, kennysheep_little_box
Temple:   hellmonk_temple_of_storms

Skill      XL: |  1  2  3  4  5  6  7  8  9 10 |
---------------+-------------------------------+-----
Shields        | 3 4 5 6 7 |  7.4
Unarmed Combat | 3 4 5 6 7 9 10 | 10.7
Dodging        | 3 4 5 7 |  7.0
Fighting       | 3 4 5 6 |  6.7
Transmutations | 2 |  2.3

Action                     |  1- 3 |  4- 6 |  7- 9 | 10-12 || total
---------------------------+-------+-------+-------+-------++-------
  Melee: Unarmed           |    75 |   172 |   417 |   195 ||   859
         Kick              |       |       |    42 |    34 ||    76
  Throw: Stone             |       |     4 |    18 |       ||    22
    Use: Potion            |       |     1 |     2 |     5 ||     8
         Scroll            |       |     8 |    16 |     9 ||    33
   Stab: Sleeping          |       |     1 |       |       ||     1
         Invisible         |       |       |       |     1 ||     1
 Armour: Robe              |    21 |    30 |    87 |    57 ||   195
  Dodge: Dodged            |    17 |    54 |   167 |   113 ||   351
  Block: Kite shield       |    16 |    68 |   186 |   131 ||   401

Table legend: (Time is in decaauts)
 A = Elapsed time spent in this place.
 B = Non-inter-level travel time spent in this place.
 C = Inter-level travel time spent in this place.
 D = Time resting spent in this place.
 E = Time spent auto-exploring this place.
 F = Levels seen in this place.
 G = Mean time per level.
                   A        B        C        D        E       F      G
               +--------+--------+--------+--------+--------+-----+--------+
         Total |   9770 |   9356 |    414 |    300 |   7057 |  13 |  751.5 |
       Dungeon |   8994 |   8614 |    380 |    299 |   6589 |  10 |  899.4 |
        Temple |     69 |     35 |     34 |      0 |     22 |   1 |   69.0 |
         Sewer |    420 |    420 |      0 |      1 |    254 |   1 |  420.0 |
        Bailey |    285 |    285 |      0 |      0 |    192 |   1 |  285.0 |
               +--------+--------+--------+--------+--------+-----+--------+

Top non-repeatable levels by time:
     D:2: 1698 daAuts
     D:8: 1220 daAuts
     D:9: 931 daAuts
     D:3: 892 daAuts
     D:7: 886 daAuts
     D:5: 880 daAuts
     D:6: 867 daAuts
     D:1: 772 daAuts
     D:4: 553 daAuts
   Sewer: 420 daAuts
    D:10: 293 daAuts
  Bailey: 285 daAuts
  Temple: 69 daAuts
